 Dungeon Crawl Stone Soup version 0.28-a0-1184-g53156a8862 (webtiles) character file.

Game seed: 13710692693322140624

379 browni3141 the Cudgeller (level 7, -2/52 HPs)
             Began as a Formicid Fighter on Dec 18, 2021.
             Frozen to death by an endoplasm (4 damage)
             ... on level 3 of the Dungeon.
             The game lasted 00:06:11 (4316 turns).

browni3141 the Cudgeller (Formicid Fighter)         Turns: 4316, Time: 00:06:11

Health: -2/52      AC: 10    Str: 23    XL:     7   Next: 4%
Magic:  7/7        EV:  8    Int:  7    God:
Gold:   67         SH:  4    Dex: 10    Spells: 6/6 levels left

rFire   . . .      SeeInvis +   f - +2 short sword (venom)
rCold   . . .      Faith    .   c - +0 buckler
rNeg    . . .      Spirit   .   e - +1 chain mail
rPois   .          Reflect  .   (helmet unavailable)
rElec   .          Harm     .   (no cloak)
rCorr   .          Rampage  .   (no gloves)
Will    .....                   (no boots)
Stlth   ..........              (no amulet)
HPRegen 0.17/turn               (no ring)
MPRegen 0.10/turn               (no ring)

@: no status effects
A: permanent stasis, dig shafts and tunnels, antennae 3, four strong arms
a: Dig, Shaft Self


You were on level 3 of the Dungeon.
You visited 1 branch of the dungeon, and saw 3 of its levels.
You also visited: Sewer.

You collected 67 gold pieces.

Inventory:

Hand Weapons
 a - a +0 flail
 f - a +2 short sword of venom (weapon)
Missiles
 g - a curare-tipped dart (quivered)
 n - 17 bolts
Armour
 b - a +0 scale mail
 c - a +0 buckler (worn)
 e - a +1 chain mail (worn)
Scrolls
 i - 3 scrolls of enchant armour
 k - a scroll of enchant weapon
Potions
 h - a potion of haste


   Skills:
 - Level 3.2 Fighting
 * Level 7.0 Maces & Flails
 - Level 3.2 Armour
 - Level 3.6 Shields


You had 6 spell levels left.
You didn't know any spells.
Your spell library contained the following spells:

 Spells                   Type           Power      Damage    Failure   Level
 Animate Skeleton         Necr           0%         N/A       98%         1
 Foxfire                  Conj/Fire      0%         2x1d4     98%         1
 Pain                     Necr           0%         1d4       98%         1
 Conjure Flame            Conj/Fire      0%         6-21      100%        3
 Inner Flame              Hex/Fire       0%         N/A       100%        3
 Vampiric Draining        Necr           0%         2d6       100%        3
 Flame Wave               Conj/Fire      0%         2d4       100%        4
 Summon Forest            Summ/Tloc      0%         N/A       100%        5
 Summon Mana Viper        Hex/Summ       0%         N/A       100%        5
 Summon Cactus Giant      Summ           0%         N/A       100%        6


Dungeon Overview and Level Annotations

Branches:
Dungeon (3/15)              Sewer (visited)

Altars:
Gozag

Annotations:
D:3 Grinder


Innate Abilities, Weirdness & Mutations

You cannot be hasted, slowed, berserked, paralysed or teleported.
You can dig through walls and to a lower floor.
You have a pair of large antennae on your head. (SInv)
Your four strong arms can wield two-handed weapons with a shield.


Message History

You hit the ball python but do no damage.
The ball python is poisoned.
The ball python bites you but does no damage.
The ball python constricts you.
You hit the ball python.
You kill the ball python!
Found 12 gold pieces.
You extend your mandibles.
You dig through the rock wall.
You dig through the rock wall.
The endoplasm freezes you.
You are frozen.
* * * LOW HITPOINT WARNING * * *
Okay, then.
As you read the scroll labelled ECYSE LAKIEG, it crumbles to dust.
It is a scroll of enchant armour.
Your +0 chain mail glows green for a moment.
The endoplasm closely misses you.
Unknown command.
Okay, then.
You aren't carrying any items that you can evoke.
Unknown command.
As you read the scroll labelled OJOL YMOTAOPN, it crumbles to dust.
It is a scroll of enchant weapon.
Your +1 short sword of venom glows red for a moment.
The endoplasm barely misses you.
As you read the scroll labelled COPUVV JENYPP, it crumbles to dust.
It is a scroll of amnesia.
You feel forgetful for a moment. The endoplasm freezes you.
You are frozen.
* * * LOW HITPOINT WARNING * * *
Unknown command.
As you read the scroll labelled XEJOIL PUN, it crumbles to dust.
You assume a fearsome visage.
The endoplasm looks frightened!
It was a scroll of fear.
Cornered, the endoplasm turns to fight!
The endoplasm freezes you.
You are frozen.
You die...

#≈≈##≈## ≈≈.≈#≈#
≈≈≈≈#≈# #≈≈##≈##
#≈≈#≈≈≈#######
#≈≈≈≈≈≈#...5.#
#####≈##.###†#
....###..# #.# ###
.......#.# #.# #@##
#..#####.###.####J#
#............5..{##
#.#######.##.###.#
#{# #.#... ..# ...
.#..##.$# { ....
.#...#..# .....
#.#.#..# ...... ..
....#


You could see an endoplasm.

Vanquished Creatures
  3 kobold brigands (Sewer)
  A river rat (Sewer)
  6 adders
  8 worms
  6 dart slugs
  3 orcs (D:3)
  9 ball pythons
  10 endoplasms
  3 giant cockroaches
  A goblin (D:2)
  3 hobgoblins
  7 kobolds
  7 quokkas
  4 bats
  A frilled lizard (D:2)
  7 rats
79 creatures vanquished.

Notes
Turn   | Place    | Note
-------+----------+-------------------------------------------
     0 | D:1      | browni3141 the Formicid Fighter began the quest for the
                  | Orb.
     0 | D:1      | Reached XP level 1. HP: 18/18 MP: 1/1
   373 | D:1      | Reached XP level 2. HP: 24/24 MP: 2/2
   639 | D:1      | Reached skill level 3 in Maces & Flails
   745 | D:1      | You fall into a shaft and drop 1 floor!
   753 | D:2      | Reached XP level 3. HP: 23/29 MP: 3/3
  1345 | D:2      | Reached skill level 4 in Maces & Flails
  1345 | D:2      | Reached XP level 4. HP: 25/35 MP: 4/4
  2177 | D:1      | Reached XP level 5. HP: 33/41 MP: 5/5
  2668 | D:3      | Found an opulent altar of Gozag.
  2781 | D:3      | Reached skill level 5 in Maces & Flails
  2927 | D:3      | Found a glowing drain.
  2951 | Sewer    | Entered a sewer
  3104 | Sewer    | Noticed a kobold brigand
  3104 | Sewer    | Noticed a kobold brigand
  3117 | Sewer    | HP: 2/41 [kobold brigand (4)]
  3122 | Sewer    | Killed a kobold brigand
  3123 | Sewer    | Reached XP level 6. HP: 15/47 MP: 6/6
  3128 | Sewer    | Reached skill level 6 in Maces & Flails
  3681 | Sewer    | Reached XP level 7. HP: 8/52 MP: 7/7
  4054 | Sewer    | Reached skill level 7 in Maces & Flails
  4274 | D:3      | Noticed Grinder
  4313 | D:3      | HP: 2/52 [frozen (2)]
  4316 | D:3      | Frozen to death by an endoplasm

Illustrated notes

Levels and vault maps discovered:
D:1:      onia_arrival_mini_maze, layout_basic
D:2:      layout_loops_cross, minmay_tree_intersection,
          kennysheep_generic_room_8
D:3:      layout_loops_corners, mainiacjoe_overflow_concentric_impassable,
          gup_sewer_entry_bubbles, uniq_crazy_yiuf_cottage, uniq_grinder

Skill      XL: |  1  2  3  4  5  6  7 |
---------------+----------------------+-----
Maces & Flails | 3 4 5 6 7 |  7.0
Fighting       | |  3.2
Armour         | |  3.2
Shields        | |  3.6

Action                   |  1- 3 |  4- 6 |  7- 9 || total
-------------------------+-------+-------+-------++-------
Melee: Flail             |    11 |       |       ||    11
       Short sword       |    70 |   198 |    38 ||   306
Throw: Dart              |       |     2 |       ||     2
 Abil: Dig               |       |     3 |     4 ||     7
  Use: Potion            |       |     8 |       ||     8
       Scroll            |       |       |     4 ||     4
Armor: Scale mail        |     2 |       |       ||     2
       Chain mail        |    55 |    76 |    18 ||   149
       Skin              |       |     1 |       ||     1
Dodge: Dodged            |    36 |    60 |    20 ||   116
Block: Buckler           |    19 |    31 |    12 ||    62

Table legend: (Time is in decaauts)
 A = Elapsed time spent in this place.
 B = Non-inter-level travel time spent in this place.
 C = Inter-level travel time spent in this place.
 D = Time resting spent in this place.
 E = Time spent auto-exploring this place.
 F = Levels seen in this place.
 G = Mean time per level.
                   A        B        C        D        E       F      G
               +--------+--------+--------+--------+--------+-----+--------+
         Total |   4442 |   4344 |     98 |    832 |   2552 |   4 | 1110.5 |
       Dungeon |   3074 |   2976 |     98 |    224 |   2075 |   3 | 1024.7 |
         Sewer |   1367 |   1367 |      0 |    608 |    476 |   1 | 1367.0 |
               +--------+--------+--------+--------+--------+-----+--------+

Top non-repeatable levels by time:
     D:1: 1403 daAuts
   Sewer: 1367 daAuts
     D:2: 1277 daAuts
     D:3: 394 daAuts
